Map: Automaton LE

Players

FightingFrog - Winner!

  • Race: Protoss Protoss
  • Spawn Location: 3:00

Atsou

  • Race: Zerg Zerg
  • Spawn Location: 9:00

VOD

Have the link to the VOD?

Description

Time

  • Played on: Jan. 26, 2019, 3:54 a.m.
  • Length: 4:47
Show
View Real Time Build Order
Export as new Build Order

FightingFrog Protoss - Winner!

Build Orders: 1 Gate Expand, Phoenix Opening 

Get SALT Encoding   

  12  0:00  Probe  
  13  0:12  Probe  
  14  0:18  Pylon  
  14  0:24  Probe  
  15  0:29  Assimilator  
  15  0:33  Probe  
  15  0:41  Probe  
  16  0:48  Gateway  
  17  0:51  Probe  
  18  1:03  Probe  
  19  1:15  Probe  
  20  1:26  Nexus  
  20  1:35  Cybernetics Core  
  20  1:38  Probe  
  21  1:44  Assimilator  
  21  1:50  Probe  
  21  1:53  Pylon  
  22  2:02  Probe, Adept  
  23  2:11  Probe  
  23  2:12  Warp Gate  
  26  2:19  Probe  
  26  2:28  Robotics Facility  
  26  2:29  Probe  
  28  2:37  Probe  
  28  2:40  Sentry  
  28  2:41  Probe  
  32  2:46  Gateway  
  32  2:49  Probe  
  33  2:53  Probe  
  34  3:01  Gateway  
  34  3:02  Probe  
  34  3:05  Probe  
  36  3:09  Immortal  
  36  3:14  Probe  
  36  3:15  Phoenix  
  36  3:17  Probe  
  40  3:25  Pylon  
  40  3:26  Probe  
  41  3:29  Assimilator, Probe  
  42  3:38  Warp Prism, Probe  
  42  3:39  Forge  
  43  3:41  Probe  
  44  3:50  Probe  
  44  3:53  Probe  
  44  3:55  Pylon  
  48  3:57  Assimilator  
  48  4:00  Sentry  
  48  4:01  Sentry  
  48  4:02  Probe  
  53  4:06  Probe  
  53  4:07  Pylon  
  54  4:14  Probe, Observer  
  56  4:18  Probe  
  56  4:24  Stalker  
  59  4:26  Probe  
  59  4:30  Probe  
  61  4:33  Nexus  
  61  4:36  Shield Battery  
  61  4:40  Sentry  
  61  4:41  Stalker  
Show
View Real Time Build Order
Export as new Build Order

Atsou Zerg 

Build Orders: Hatch First 

Get SALT Encoding   

  12  0:01  Drone  
  13  0:18  Overlord  
  13  0:21  Drone  
  14  0:37  Drone x2  
  16  0:43  Drone  
  17  1:00  Hatchery  
  17  1:02  Drone  
  17  1:03  Drone  
  18  1:16  Extractor  
  18  1:18  Spawning Pool  
  16  1:20  Drone  
  16  1:24  Drone  
  18  1:37  Drone  
  19  1:56  Overlord  
  19  2:10  Queen  
  19  2:11  Queen  
  23  2:18  Overlord  
  23  2:21  Drone x3  
  26  2:36  Hatchery  
  25  2:40  Metabolic Boost  
  25  2:41  Drone  
  25  2:43  Drone  
  27  2:46  Drone  
  27  2:49  Zergling x2  
  29  2:52  Zergling x2  
  30  3:01  Drone x2  
  32  3:14  Extractor  
  31  3:20  Drone x7  
  31  3:22  Evolution Chamber  
  37  3:36  Overlord  
  37  3:46  Overlord  
  37  3:47  Overlord  
  37  3:48  Queen  
  39  4:09  Drone  
  40  4:10  Drone x5  
  40  4:12  Hatchery  
  40  4:13  Evolution Chamber  
  43  4:24  Drone  
  43  4:25  Drone  
Tags
 
Add a new tag
Caveats
  • Supply blocks, unpowered buildings, or Contaminate may cause inaccurate times.
  • Supply counts are checked every 10 seconds.